 Dungeon Crawl Stone Soup version 0.29-a0-923-g6e406bff71 (webtiles) character file.

Game seed: 15836400889550526361

22674 inmateoo the Fighter (level 13, -16/107 HPs)
             Began as a Gnoll Wanderer on July 27, 2022.
             Killed from afar by an efreet (29 damage)
             ... with a bolt of fire
             ... on level 12 of the Dungeon.
             The game lasted 00:17:26 (12036 turns).

inmateoo the Fighter (Gnoll Wanderer)              Turns: 12036, Time: 00:17:26

Health: -16/107    AC: 21    Str: 15    XL:     13   Next: 1%
Magic:  35/35      EV: 15    Int: 10    God:
Gold:   546        SH:  0    Dex: 13    Spells: 17/31 levels left

rFire   . . .      SeeInvis .   E - +2 war axe "Yvoa" {spect, Will+ MP+9 Int-5}
rCold   . . .      Faith    .   (no shield)
rNeg    + . .      Spirit   .   q - +3 troll leather armour {Snorg}
rPois   .          Reflect  .   A - +2 hat
rElec   .          Harm     .   g - +0 cloak
rCorr   .          Rampage  .   L - +2 pair of gloves of Henotheism {Will++ Str+3}
Will    +++..                   y - +1 pair of boots
Stlth   ++++......              b - amulet of regeneration
HPRegen 1.87/turn               o - +4 ring of protection
MPRegen 0.24/turn               s - ring of positive energy

@: lethally poisoned (-16 -> -17), about to teleport
A: fangs 1, strong nose, distributed training
a: no special abilities


You were on level 12 of the Dungeon.
You visited 2 branches of the dungeon, and saw 14 of its levels.

You collected 922 gold pieces.
You spent 376 gold pieces at shops.

Inventory:

Hand Weapons
 h - a +3 spear
 j - a +1 morningstar of protection
 E - the +2 war axe "Yvoa" (weapon) {spect, Will+ MP+9 Int-5}
   (You took it off an orc on level 8 of the Dungeon)

   When its wielder attacks, the weapon's spirit leaps out and strikes again.
   The spirit shares a part of any damage it takes with its wielder.
   Int:       It affects your intelligence (-5).
   MP:        It affects your magic capacity (+9).
   Will:      It increases your willpower.
Missiles
 v - 2 throwing nets (quivered)
 D - 45 poisoned darts
Armour
 g - a +0 cloak (worn)
 q - a +3 troll leather armour (worn) {Snorg}
 x - a +0 buckler
 y - a +1 pair of boots (worn)
 A - a +2 hat (worn)
 L - the +2 pair of gloves of Henotheism (worn) {Will++ Str+3}
   (You found it on level 5 of the Dungeon)

   Str:       It affects your strength (+3).
   Will:      It greatly increases your willpower.
Jewellery
 b - an amulet of regeneration (around neck)
 o - a +4 ring of protection (left hand)
 r - a ring of fire
 s - a ring of positive energy (right hand)
Wands
 i - a wand of digging (5)
 u - a wand of flame (18)
 C - a wand of polymorph (15)
 F - a wand of acid (8)
Scrolls
 d - 2 scrolls of enchant armour
 e - 9 scrolls of teleportation
 p - a scroll of amnesia {unknown}
 H - a scroll of magic mapping
 J - 3 scrolls of fear
Potions
 a - 2 potions of lignification
 c - 3 potions of haste
 f - 6 potions of cancellation
 k - 4 potions of flight
 l - 3 potions of mutation
 m - 7 potions of curing
 n - a potion of ambrosia
 t - a potion of invisibility
 w - 3 potions of heal wounds
 z - 2 potions of berserk rage
 B - 3 potions of brilliance


   Skills:
 + Level 11.7 Fighting
 + Level 8.1 Short Blades
 + Level 8.1 Long Blades
 + Level 8.1 Axes
 + Level 8.1 Maces & Flails
 + Level 8.1 Polearms
 + Level 8.1 Staves
 + Level 8.1 Ranged Weapons
 + Level 8.1 Throwing
 + Level 8.1 Armour
 + Level 8.1 Dodging
 + Level 9.2 Stealth
 + Level 8.1 Shields
 + Level 8.1 Unarmed Combat
 + Level 9.6 Spellcasting
 + Level 6.7 Conjurations
 + Level 6.7 Hexes
 + Level 6.7 Summonings
 + Level 6.7 Necromancy
 + Level 6.7 Translocations
 + Level 6.7 Transmutations
 + Level 6.7 Fire Magic
 + Level 6.7 Ice Magic
 + Level 6.7 Air Magic
 + Level 7.8 Earth Magic
 + Level 6.7 Poison Magic
 + Level 8.9 Invocations
 + Level 8.1 Evocations


You had 17 spell levels left.
You knew the following spells:

 Your Spells              Type           Power      Damage    Failure   Level
a - Sandblast             Erth           40%        2d10      1%          1
b - Stone Arrow           Conj/Erth      38%        3d9       2%          3
c - Swiftness             Air            18%        N/A       3%          3
d - Ignite Poison         Fire/Tmut/Pois 18%        N/A       3%          3
e - Olgreb's Toxic Radia  Pois           18%        N/A       11%         4

Your spell library contained the following spells:

 Spells                   Type           Power      Damage    Failure   Level
 Magic Dart               Conj           72%        1d6       1%          1
 Necrotise                Necr           72%        1d7       1%          1
 Shock                    Conj/Air       72%        1d7       1%          1
 Blink                    Tloc           36%        N/A       1%          2
 Ensorcelled Hibernation  Hex/Ice        36%        N/A       1%          2
 Passwall                 Tmut/Erth      15%        N/A       1%          2
 Searing Ray              Conj           36%        2d5       1%          2
 Conjure Flame            Conj/Fire      18%        6-21      3%          3
 Lesser Beckoning         Tloc           18%        N/A       3%          3
 Vampiric Draining        Necr           18%        2d7       3%          3
 Animate Armour           Summ/Erth      38%        N/A       9%          4
 Airstrike                Air            9%         0-4+      11%         4
 Fulminant Prism          Conj/Hex       9%         3d7       11%         4
 Sticky Flame             Conj/Fire      18%        2d4       11%         4
 Agony                    Necr           18%        N/A       28%         5
 Manifold Assault         Tloc           18%        N/A       28%         5
 Ozocubu's Refrigeration  Ice            9%         4d6       100%        7
 Ignition                 Fire           9%         3d5       100%        8


Dungeon Overview and Level Annotations

Branches:
Dungeon (13/15)            Temple (1/1) D:5            Lair (0/5) D:8
    Orc (0/2) D:9
 Vaults: D:13-14

Altars:
Ashenzari
Cheibriados
Dithmenos
Elyvilon
Fedhas
Gozag
Hepliaklqana
Kikubaaqudgha
Makhleb
Nemelex Xobeh
Okawaru
Qazlal
Ru
Sif Muna
Trog
Uskayaw
Vehumet
Wu Jian
Xom
Yredelemnul
Zin
The Shining One

Shops:
D:1 ?   D:4 (*   D:8 :*:(

Annotations:
D:8 3 runed translucent doors, PaleRider's ghost, novice DECj
D:10 2 transporters, MoonlitKnight's ghost, journeyman DjCA


Innate Abilities, Weirdness & Mutations

You have very sharp teeth.
Your uncanny sense of smell can sniff out nearby items.
Your experience applies equally to all skills.


Message History

You feel extremely sick. The redback bites you!
You are more poisoned.
The redback poisons you!
You feel extremely sick.
You hit the redback.
The redback is lightly wounded.
Your +2 war axe "Yvoa" {spect, Will+ MP+9 Int-5} hits the redback!
You feel extremely sick. The redback barely misses you.
The redback completely misses you.
You hit the redback but do no damage. Your bite misses the redback.
The redback is heavily wounded.
Your +2 war axe "Yvoa" {spect, Will+ MP+9 Int-5} misses the redback.
You feel extremely sick.
The redback bites you but does no damage.
You hit the redback.
The redback is severely wounded.
Your +2 war axe "Yvoa" {spect, Will+ MP+9 Int-5} hits the redback.
You feel extremely sick. The redback bites you.
The redback bites you but does no damage.
You are too injured to fight recklessly!
You are too injured to fight recklessly!
You are too injured to fight recklessly!
You hit the redback but do no damage.
The redback is almost dead.
Your +2 war axe "Yvoa" {spect, Will+ MP+9 Int-5} hits the redback!!
You kill the redback!
You feel very sick.
As you read the scroll of teleportation, it crumbles to dust.
You feel strangely unstable.
You feel very sick. The efreet gestures at you.
The fireball explodes!
The fireball engulfs you!!
* * * LOW HITPOINT WARNING * * *
You feel very sick.
You feel sick. The efreet gestures at you. The bolt of fire hits you!!
You die...

....###.☼ ..#.. ..#..
#...###○#.#... ...#.#.
#...###☼#....#....#.#
#.###...###R####.####.#
#........###...(#....#
. ##.....###...#...##
.# #..##...###..#..##
.# ##.####...###.#.##
..# #..# ##..@###○##
...# #.##
##...##☼##....# #.#
##.§.R...# #.#
##§.§(##....# #######.#
##§..## ...# ........#
##..)## ..# #########
##...## .# ∆ # ##..[##
.# # ##.(.## .


You could see an efreet.

Vanquished Creatures
  Snorg (D:9)
  Josephine (D:10)
  A boulder beetle (D:12)
  Erica (D:10)
  2 two-headed ogres
  A skeletal warrior (D:12)
  A sea snake (shapeshifter) (D:12)
  A deep elf pyromancer (D:12)
  An ugly thing (D:12)
  A manticore (D:12)
  4 cyclopes
  A guardian serpent (shapeshifter) (D:12)
  A kobold demonologist (D:12)
  An efreet (D:12)
  2 unseen horror zombies (D:8)
  3 trolls
  4 slime creatures (D:12)
  A snapping turtle (shapeshifter) (D:12)
  A shadow (D:12)
  2 vampires
  26 yaks
  8 wraiths
  A basilisk (D:12)
  4 vampire mosquitoes
  Grum (D:10)
  3 wargs
  A redback (D:12)
  Menkaure (D:6)
  A steam dragon (D:6)
  A water moccasin (D:6)
  5 orc warriors
  2 black bears
  4 ogres
  3 centaurs
  3 wolves (D:10)
  2 kobold brigands
  2 wyvern zombies (D:8)
  5 bullfrogs
  2 gnoll sergeants
  A necrophage (D:6)
  2 scorpions (D:5)
  11 wights (D:8)
  12 killer bees
  2 howler monkeys
  3 centaur zombies (D:8)
  3 hounds
  2 jellies
  10 orc priests
  3 iguanas
  20 orc wizards
  2 killer bee zombies (D:8)
  2 howler monkey zombies (D:8)
  13 gnolls
  7 adders
  2 worms
  3 dart slugs
  65 orcs
  4 bats
  6 endoplasms
  10 giant cockroaches
  8 goblins
  6 hobgoblins
  4 jackals (D:1)
  19 kobolds
  2 quokkas
  13 ball pythons
  4 rats
345 creatures vanquished.

Vanquished Creatures (others)
  An orc warrior (D:10)
  A gnoll (D:10)
  A plant (D:8)
  A withered plant (D:8)
4 creatures vanquished.

Grand Total: 349 creatures vanquished

Notes
Turn   | Place    | Note
-------+----------+-------------------------------------------
     0 | D:1      | inmateoo the Gnoll Wanderer began the quest for the Orb.
     0 | D:1      | inmateoo set off with the following items: a +0 dagger, a
                  | +0 pair of boots, a potion of haste, a +0 leather armour, a
                  | scroll of teleportation; and the following spell memorised:
                  | Sandblast; and the following spells available to memorise:
                  | Stone Arrow, Animate Armour.
     0 | D:1      | Reached XP level 1. HP: 26/26 MP: 6/6
    49 | D:1      | Found Naonoh's Magic Scroll Shoppe.
    65 | D:1      | Bought a scroll of identify for 22 gold pieces
    90 | D:1      | Reached XP level 2. HP: 33/33 MP: 7/7
   220 | D:1      | Reached skill level 5 in Spellcasting
   220 | D:1      | Reached XP level 3. HP: 37/38 MP: 7/9
   286 | D:1      | Reached skill level 1 in Invocations
   861 | D:1      | Reached skill level 1 in Short Blades
   861 | D:1      | Reached skill level 1 in Long Blades
   861 | D:1      | Reached skill level 1 in Axes
   861 | D:1      | Reached skill level 1 in Maces & Flails
   861 | D:1      | Reached skill level 1 in Polearms
   861 | D:1      | Reached skill level 1 in Staves
   861 | D:1      | Reached skill level 1 in Ranged Weapons
   861 | D:1      | Reached skill level 1 in Throwing
   861 | D:1      | Reached skill level 1 in Armour
   861 | D:1      | Reached skill level 1 in Dodging
   861 | D:1      | Reached skill level 1 in Shields
   861 | D:1      | Reached skill level 1 in Unarmed Combat
   861 | D:1      | Reached skill level 1 in Evocations
  1061 | D:2      | Learned a level 3 spell: Stone Arrow
  1089 | D:2      | Reached XP level 4. HP: 37/45 MP: 11/11
  1373 | D:2      | Found a faded altar of an unknown god.
  1589 | D:2      | Reached skill level 1 in Conjurations
  1589 | D:2      | Reached skill level 1 in Hexes
  1589 | D:2      | Reached skill level 1 in Summonings
  1589 | D:2      | Reached skill level 1 in Necromancy
  1589 | D:2      | Reached skill level 1 in Translocations
  1589 | D:2      | Reached skill level 1 in Transmutations
  1589 | D:2      | Reached skill level 1 in Fire Magic
  1589 | D:2      | Reached skill level 1 in Ice Magic
  1589 | D:2      | Reached skill level 1 in Air Magic
  1589 | D:2      | Reached skill level 1 in Poison Magic
  1933 | D:2      | Reached XP level 5. HP: 34/51 MP: 12/12
  2452 | D:3      | Learned a level 3 spell: Swiftness
  2743 | D:3      | Reached XP level 6. HP: 57/57 MP: 13/13
  2773 | D:3      | Found an ornate altar of the Wu Jian Council.
  2898 | D:4      | Found Ymesta Voob's Gadget Gallery.
  3117 | D:4      | Found an iron altar of Okawaru.
  3269 | D:4      | Found Xevefat's Antique Weapon Shop.
  3548 | D:1      | Bought a scroll of noise for 11 gold pieces
  3548 | D:1      | Bought a scroll of identify for 22 gold pieces
  3548 | D:1      | Bought a scroll of teleportation for 33 gold pieces
  3548 | D:1      | Bought a scroll of teleportation for 33 gold pieces
  3548 | D:1      | Bought a scroll of blinking for 82 gold pieces
  3548 | D:1      | Bought a scroll of fear for 44 gold pieces
  3641 | D:5      | Entered Level 5 of the Dungeon
  3712 | D:5      | Reached XP level 7. HP: 63/63 MP: 15/15
  3772 | D:5      | Reached skill level 9 in Fighting
  3772 | D:5      | Reached skill level 5 in Stealth
  3901 | D:5      | Found a staircase to the Ecumenical Temple.
  3911 | Temple   | Entered the Ecumenical Temple
  4225 | D:5      | Identified the +2 pair of gloves of Henotheism {Will++
                  | Str+3}
  4855 | D:6      | Reached XP level 8. HP: 61/71 MP: 14/16
  5324 | D:6      | Noticed Menkaure
  5325 | D:6      | Noticed a wraith
  5329 | D:6      | Killed Menkaure
  5350 | D:6      | Killed a wraith
  5528 | D:6      | Reached skill level 5 in Earth Magic
  5705 | D:6      | Reached XP level 9. HP: 77/77 MP: 8/18
  6655 | D:7      | Identified the +0 plate armour of Ignis's Envy {rC+++
                  | Will++ Int-2 Dex+3}
  6837 | D:8      | Reached skill level 5 in Invocations
  7123 | D:8      | Found a staircase to the Lair.
  7510 | D:7      | Reached skill level 5 in Short Blades
  7510 | D:7      | Reached skill level 5 in Long Blades
  7510 | D:7      | Reached skill level 5 in Axes
  7510 | D:7      | Reached skill level 5 in Maces & Flails
  7510 | D:7      | Reached skill level 5 in Polearms
  7510 | D:7      | Reached skill level 5 in Staves
  7510 | D:7      | Reached skill level 5 in Ranged Weapons
  7510 | D:7      | Reached skill level 5 in Throwing
  7510 | D:7      | Reached skill level 5 in Armour
  7510 | D:7      | Reached skill level 5 in Dodging
  7510 | D:7      | Reached skill level 5 in Shields
  7510 | D:7      | Reached skill level 5 in Unarmed Combat
  7510 | D:7      | Reached skill level 5 in Evocations
  7510 | D:7      | Reached XP level 10. HP: 84/85 MP: 12/20
  7564 | D:8      | Reached skill level 10 in Fighting
  7613 | D:8      | Found Ysyles's Book Shop.
  7639 | D:8      | Found Ixayr's Assorted Antiques.
  7644 | D:8      | Bought a grey potion for 21 gold pieces
  7644 | D:8      | Bought a cloak for 108 gold pieces
  7691 | D:8      | Found Uhoyhat's Weapon Boutique.
  7950 | D:8      | Found Oxiwacua's Book Emporium.
  8022 | D:8      | Identified the +2 war axe "Yvoa" {spect, Will+ MP+9 Int-5}
  8239 | D:8      | Found a runed translucent gate.
  8239 | D:8      | Found a runed translucent gate.
  8239 | D:8      | Found a runed translucent gate.
  8244 | D:8      | Noticed PaleRider's ghost (novice DECj)
  8456 | D:9      | Noticed a two-headed ogre
  8462 | D:9      | Killed a two-headed ogre
  8796 | D:9      | Reached skill level 5 in Conjurations
  8796 | D:9      | Reached skill level 5 in Hexes
  8796 | D:9      | Reached skill level 5 in Summonings
  8796 | D:9      | Reached skill level 5 in Necromancy
  8796 | D:9      | Reached skill level 5 in Translocations
  8796 | D:9      | Reached skill level 5 in Transmutations
  8796 | D:9      | Reached skill level 5 in Fire Magic
  8796 | D:9      | Reached skill level 5 in Ice Magic
  8796 | D:9      | Reached skill level 5 in Air Magic
  8796 | D:9      | Reached skill level 5 in Poison Magic
  8796 | D:9      | Reached XP level 11. HP: 92/92 MP: 22/22
  8955 | D:9      | Found a staircase to the Orcish Mines.
  9481 | D:10     | Entered Level 10 of the Dungeon
  9541 | D:10     | Noticed Snorg
  9554 | D:10     | HP: 2/92 [Snorg (5)]
  9698 | D:9      | Killed Snorg
  9826 | D:10     | Found a transporter.
  9832 | D:10     | Found a transporter.
  9836 | D:10     | Noticed MoonlitKnight's ghost (journeyman DjCA)
  9836 | D:10     | Noticed a moth of wrath
  9854 | D:10     | Noticed a manticore
  9890 | D:10     | Noticed Josephine
  9917 | D:10     | Killed Josephine
 10111 | D:10     | Noticed Erica
 10122 | D:10     | Killed Erica
 10150 | D:10     | Noticed Grum
 10161 | D:10     | Killed Grum
 10192 | D:10     | Found a sacrificial altar of Ru.
 10198 | D:10     | Found a white marble altar of Elyvilon.
 10209 | D:10     | Reached skill level 11 in Fighting
 10210 | D:10     | Found a blossoming altar of Fedhas.
 10418 | D:11     | Noticed a two-headed ogre
 10456 | D:11     | Killed a two-headed ogre
 10457 | D:11     | Reached XP level 12. HP: 52/100 MP: 24/24
 11108 | D:12     | Identified the +10 whip of the Illusory Places {vorpal,
                  | Fly}
 11178 | D:12     | Noticed a boulder beetle
 11191 | D:12     | Killed a boulder beetle
 11332 | D:12     | HP: 2/100 [skeletal warrior/+0 mace (15)]
 11674 | D:12     | Learned a level 3 spell: Ignite Poison
 11679 | D:12     | Learned a level 4 spell: Olgreb's Toxic Radiance
 11879 | D:12     | Noticed an anaconda
 11993 | D:12     | Reached XP level 13. HP: 64/107 MP: 26/26
 12036 | D:12     | Killed from afar by an efreet

Illustrated notes

Levels and vault maps discovered:
D:1:      lemuel_arrival_muddy, layout_loops_ring, serial_shops, shop_fountains,
          serial_rivers, chequers_serial_rivers_room_a,
          chequers_serial_rivers_room_a, chequers_serial_rivers_micro_a,
          chequers_serial_rivers_marsh, st_stairs_5, minmay_worlds_worst_comb
D:2:      layout_rooms, nicolae_ecumenical_lake_church
D:3:      layout_loops_ring, nzn_wu_jian_council_hall
D:4:      layout_loops_cross, old_standard_altar, serial_shops,
          nicolae_shop_trees, minivault_27, nicolae_shop_gadgets
D:5:      layout_basic, minmay_temple_entry_mini_moons
D:6:      layout_rooms, chequers_serial_rivers_small_b, uniq_menkaure
D:7:      layout_basic
D:8:      layout_gridville, erik_lair_orcish_takeover, serial_shops,
          nicolae_shop_crystal, nicolae_diamond_shop, nicolae_shop_trees, shop,
          serial_undead, serial_undead_c, serial_undead_a, serial_undead_a,
          serial_undead_a, serial_undead_e, serial_undead_b, serial_undead_f,
          gammafunk_ghost_necromancy
D:9:      layout_stronghold, hiddenorc2_lemuel
D:10:     layout_roguey, minmay_overflow_temple_star_quad,
          gammafunk_ghost_berserking_beasts, wad_floor_pattern_untrapped,
          uniq_snorg, uniq_grum, uniq_josephine, uniq_erica
D:11:     layout_basic, minivault_10, minmay_statues_item
D:12:     minmay_triangles_in_corner, layout_basic
D:13:     layout_irregular_city
Temple:   minmay_crystal_spiral_temple

Skill      XL: |  1  2  3  4  5  6  7  8  9 10 11 12 |
---------------+-------------------------------------+-----
Spellcasting   | 5 6 7 8 9 |  9.6
Invocations    | 1 2 3 4 5 6 7 8 |  8.9
Short Blades   | 1 2 3 4 5 6 7 8 |  8.1
Long Blades    | 1 2 3 4 5 6 7 8 |  8.1
Axes           | 1 2 3 4 5 6 7 8 |  8.1
Maces & Flails | 1 2 3 4 5 6 7 8 |  8.1
Polearms       | 1 2 3 4 5 6 7 8 |  8.1
Staves         | 1 2 3 4 5 6 7 8 |  8.1
Ranged Weapons | 1 2 3 4 5 6 7 8 |  8.1
Throwing       | 1 2 3 4 5 6 7 8 |  8.1
Armour         | 1 2 3 4 5 6 7 8 |  8.1
Dodging        | 1 2 3 4 5 6 7 8 |  8.1
Shields        | 1 2 3 4 5 6 7 8 |  8.1
Unarmed Combat | 1 2 3 4 5 6 7 8 |  8.1
Evocations     | 1 2 3 4 5 6 7 8 |  8.1
Conjurations   | 1 2 3 4 5 6 |  6.7
Hexes          | 1 2 3 4 5 6 |  6.7
Summonings     | 1 2 3 4 5 6 |  6.7
Necromancy     | 1 2 3 4 5 6 |  6.7
Translocations | 1 2 3 4 5 6 |  6.7
Transmutations | 1 2 3 4 5 6 |  6.7
Fire Magic     | 1 2 3 4 5 6 |  6.7
Ice Magic      | 1 2 3 4 5 6 |  6.7
Air Magic      | 1 2 3 4 5 6 |  6.7
Poison Magic   | 1 2 3 4 5 6 |  6.7
Earth Magic    | 4 5 6 7 |  7.8
Fighting       | 9 10 11 | 11.7
Stealth        | 5 6 7 8 9 |  9.2

Action                   |  1- 3 |  4- 6 |  7- 9 | 10-12 | 13-15 || total
-------------------------+-------+-------+-------+-------+-------++-------
Melee: Dagger            |   102 |   209 |   331 |    18 |       ||   660
       Bite              |     6 |    16 |    52 |    79 |       ||   153
       Punch             |     1 |     1 |     9 |    34 |       ||    45
       War axe           |       |       |       |   420 |     4 ||   424
       Morningstar       |       |       |       |    55 |       ||    55
Throw: Dart              |       |    10 |    29 |     1 |       ||    40
       Throwing net      |       |       |       |     2 |       ||     2
 Cast: Sandblast         |       |     9 |    25 |       |       ||    34
       Stone Arrow       |       |       |    41 |    19 |       ||    60
       Swiftness         |       |       |     1 |       |       ||     1
       Olgreb's Toxic Ra |       |       |       |     2 |       ||     2
       Ignite Poison     |       |       |       |     1 |       ||     1
Evoke: Wand              |       |       |     2 |     4 |       ||     6
  Use: Scroll            |     1 |     4 |    11 |     9 |     1 ||    26
 Stab: Sleeping          |     5 |     5 |     6 |     3 |       ||    19
       Distracted        |       |     1 |       |     9 |       ||    10
       Held in net/web   |       |       |       |     1 |       ||     1
Armor: Leather armour    |    29 |       |       |       |       ||    29
       Ring mail         |     3 |   112 |   182 |   179 |       ||   476
       Troll leather arm |       |       |       |   150 |     2 ||   152
Dodge: Dodged            |    60 |   121 |   222 |   463 |     2 ||   868

Table legend: (Time is in decaauts)
 A = Elapsed time spent in this place.
 B = Non-inter-level travel time spent in this place.
 C = Inter-level travel time spent in this place.
 D = Time resting spent in this place.
 E = Time spent auto-exploring this place.
 F = Levels seen in this place.
 G = Mean time per level.
                   A        B        C        D        E       F      G
               +--------+--------+--------+--------+--------+-----+--------+
         Total |  12110 |  11513 |    597 |   2104 |   6426 |  14 |  865.0 |
       Dungeon |  11883 |  11370 |    513 |   2104 |   6309 |  13 |  914.1 |
        Temple |    227 |    143 |     84 |      0 |    117 |   1 |  227.0 |
               +--------+--------+--------+--------+--------+-----+--------+

Top non-repeatable levels by time:
     D:7: 1383 daAuts
     D:8: 1255 daAuts
     D:9: 1239 daAuts
     D:1: 1084 daAuts
    D:12: 1063 daAuts
     D:2: 1044 daAuts
     D:6: 1007 daAuts
     D:5: 926 daAuts
     D:3: 813 daAuts
    D:11: 713 daAuts
     D:4: 703 daAuts
    D:10: 647 daAuts
  Temple: 227 daAuts
    D:13: 1 daAuts
